 Dungeon Crawl Stone Soup version 0.23.1 (webtiles) character file.

Game seed: 1422222036291022396

42 doot the Grave Robber (level 3, -2/19 HPs)
             Began as a Deep Elf Necromancer on Mar 19, 2019.
             Slain by a gnoll
             ... wielding a +0 flail
              (7 damage)
             ... on level 3 of the Dungeon.
             The game lasted 00:03:13 (1332 turns).

doot the Grave Robber (Deep Elf Necromancer)        Turns: 1332, Time: 00:03:14

Health: -2/19      AC:  5    Str:  5    XL:     3   Next: 35%
Magic:  4/10       EV: 13    Int: 20    God:
Gold:   43         SH:  0    Dex: 15    Spells: 8/9 levels left

rFire    . . .     SeeInvis .   h - +0 dagger
rCold    . . .     Gourm    .   (no shield)
rNeg     . . .     Faith    .   a - +0 robe
rPois    .         Spirit   .   (no helmet)
rElec    .         Reflect  .   (no cloak)
rCorr    .         Harm     .   (no gloves)
MR       .....                  d - +2 pair of boots
Stlth    ++........             (no amulet)
HPRegen  0.06/turn              (no ring)
MPRegen  0.12/turn              (no ring)

@: no status effects
A: no striking features
a: no special abilities


You were on level 3 of the Dungeon.
You were not hungry.

You visited 1 branch of the dungeon, and saw 4 of its levels.

You collected 43 gold pieces.

Inventory:

Hand Weapons
 h - a +0 dagger (weapon)
Armour
 a - a +0 robe (worn)
 d - a +2 pair of boots (worn)
 g - a +0 buckler
Scrolls
 b - a scroll of enchant armour {unknown}
 i - a scroll of remove curse {unknown}
Potions
 e - a potion of ambrosia {unknown}
Comestibles
 c - a ration
 f - a chunk of flesh


   Skills:
 + Level 2.4 Dodging
 + Level 2.4 Stealth
 + Level 3.9 Spellcasting
 + Level 5.8 Necromancy


You had 8 spell levels left.
You knew the following spells:

 Your Spells              Type           Power        Failure   Level  Hunger
a - Pain                  Necr           ####         1%          1    None

Your spell library contained the following spells:

 Spells                   Type           Power        Failure   Level  Hunger
 Animate Skeleton         Necr           N/A          1%          1    None
 Vampiric Draining        Necr           ####......   3%          3    ###....
 Regeneration             Chrm/Necr      ###.......   12%         3    ###....
 Animate Dead             Necr           N/A          12%         4    ####...


Dungeon Overview and Level Annotations

Branches:
Dungeon (4/15)
 Temple: D:4-7

Altars:


Message History

The gnoll writhes in agony.
The gnoll barely misses you.
Casting: Pain (safe; 1% risk of failure)
Confirm with . or Enter, or press ? or * to list all spells.
Aiming: Pain (safe; 1% risk of failure)
Press: ? - help, Shift-Dir - straight line, f/p - gnoll
Aim: a gnoll, wielding a +0 flail (moderately wounded, chance to defeat MR: 89%)
The gnoll writhes in agony.
The gnoll closely misses you.
Casting: Pain (safe; 1% risk of failure)
Confirm with . or Enter, or press ? or * to list all spells.
Aiming: Pain (safe; 1% risk of failure)
Press: ? - help, Shift-Dir - straight line, f/p - gnoll
Aim: a gnoll, wielding a +0 flail (moderately wounded, chance to defeat MR: 89%)
The gnoll writhes in agony.
The gnoll closely misses you.
Casting: Pain (safe; 1% risk of failure)
Confirm with . or Enter, or press ? or * to list all spells.
Aiming: Pain (safe; 1% risk of failure)
Press: ? - help, Shift-Dir - straight line, f/p - gnoll
Aim: a gnoll, wielding a +0 flail (almost dead, chance to defeat MR: 89%)
The gnoll writhes in agony.
The gnoll hits you with a +0 flail!
You die...

#... #.#### ######..###
h....######..#......#
###..)..........#
###...>..........#######
..................).....#
.####.##.......#........#
#.........###........#
............g@........#
........#######.<†.....#
.#.#.##### #........#
.... #........###### .#
##......#.....##
##.(............## ..
#................#
..###................#
....#................#


You could see a gnoll.

Vanquished Creatures
  2 adders
  A worm (D:3)
  2 dart slugs (D:1)
  2 giant cockroaches (D:4)
  3 hobgoblins
  2 jackals (D:1)
  A kobold (D:3)
  A quokka (D:3)
  3 frilled lizards
  A rat (D:1)
18 creatures vanquished.

Notes
Turn   | Place    | Note
-------+----------+-------------------------------------------
     0 | D:1      | doot the Deep Elf Necromancer began the quest for the Orb.
     0 | D:1      | Reached XP level 1. HP: 10/10 MP: 6/6
   112 | D:1      | Reached skill level 5 in Necromancy
   642 | D:1      | Reached XP level 2. HP: 10/15 MP: 4/8
  1081 | D:3      | Reached XP level 3. HP: 12/19 MP: 2/10
  1267 | D:4      | Noticed an ogre
  1332 | D:3      | Slain by a gnoll

Skill      XL: |  1 |
---------------+----+-----
Necromancy     | 5 |  5.8
Dodging        | |  2.4
Stealth        | |  2.4
Spellcasting   | |  3.9

Action                   || total
-------------------------++-------
Melee: Unarmed           ||     3
 Cast: Pain              ||    45
  Eat: Chunk             ||     1
Armor: Robe              ||     2
Dodge: Dodged            ||    13
